EVO
PENNSYLVANIA STATE UNIVERSITY NITTANY LIONS @ UNIVERSITY OF CALIFORNIA GOLDEN BEARS
12/20/2047
 
TOP OF THE 1ST
Pennsylvania State University Nittany Lions batting - Pitching for University of California Golden Bears : RHP Tim Devine
Pitching: RHP Tim Devine
Batting: RHB Jesse Bandt 0-0: Ball
1-0: Ball
2-0: Ball
3-0: Base on Balls
Batting: RHB Pete Martin 0-0: Ball
1-0: Called Strike
Jesse Bandt is caught stealing 2nd base 2-4
1-1: Swinging Strike
1-2: Hit by Pitch
Batting: RHB Josh Ebeling 0-0: Ball
Pete Martin steals 2nd base
1-0: SINGLE (Line Drive, 34D, EV 97.5 MPH)
Pete Martin to third
Batting: RHB Rob Hinojosa 0-0: Called Strike
0-1: Called Strike
0-2: Ball
1-2: Ball
2-2: Ball
3-2: Base on Balls
Josh Ebeling to second
Batting: RHB Victor Victorino 0-0: Called Strike
0-1: Swinging Strike
0-2: Strikes out swinging
Batting: RHB Joe Strachan 0-0: Ball
Wild Pitch!
Pete Martin scores
Josh Ebeling to third
Rob Hinojosa to second
1-0: Called Strike
1-1: SINGLE (Groundball, 6S, EV 65.0 MPH) (infield hit)
Josh Ebeling scores
Rob Hinojosa to third
Batting: RHB Francisco Velazquez 0-0: Foul Ball, location: 2F
0-1: Ball
1-1: Foul Ball, location: 2F
1-2: Ball
2-2: Fly out, F8 (Line Drive, 8RD, EV 88.1 MPH)
Top of the 1st over - 2 runs, 2 hits, 0 errors, 2 left on base; Pennsylvania State University 2 - University of California 0
BOTTOM OF THE 1ST
University of California Golden Bears batting - Pitching for Pennsylvania State University Nittany Lions : LHP Jeremy Bravo
Pitching: LHP Jeremy Bravo
Batting: LHB Luis Orellana 0-0: Foul Ball, location: 2F
0-1: Foul Ball, location: 2F
0-2: Ground out U3 (Groundball, 3, EV 104.4 MPH)
Batting: RHB Ken Hahn 0-0: Ball
1-0: Ball
2-0: Ball
3-0: Base on Balls
Batting: LHB Carlos Gaona 0-0: Ball
1-0: Foul Ball, location: 2F
1-1: Ball
2-1: Fly out, F8 (Flyball, 8RD, EV 97.5 MPH)
Batting: RHB Nate Mahon 0-0: Swinging Strike
0-1: Foul Ball, location: 2F
0-2: Fly out, F7 (Flyball, 7S, EV 83.1 MPH)
Bottom of the 1st over - 0 runs, 0 hits, 0 errors, 1 left on base; Pennsylvania State University 2 - University of California 0
TOP OF THE 2ND
Pennsylvania State University Nittany Lions batting - Pitching for University of California Golden Bears : RHP Tim Devine
Batting: LHB Dan Lape 0-0: Called Strike
0-1: Foul Ball, location: 2F
0-2: Fly out, F9 (Flyball, 89M, EV 85.6 MPH)
Batting: RHB James Steinmetz 0-0: Foul Ball, location: 2F
0-1: Ground out 6-3 (Groundball, 6, EV 88.1 MPH)
Batting: RHB Jesse Bandt 0-0: Swinging Strike
0-1: Ball
1-1: Called Strike
1-2: Foul Ball, location: 2F
1-2: Ground out 6-3 (Groundball, 56, EV 104.4 MPH)
Top of the 2nd over - 0 runs, 0 hits, 0 errors, 0 left on base; Pennsylvania State University 2 - University of California 0
BOTTOM OF THE 2ND
University of California Golden Bears batting - Pitching for Pennsylvania State University Nittany Lions : LHP Jeremy Bravo
Batting: RHB Steve Kirby 0-0: Called Strike
0-1: Called Strike
0-2: Ball
1-2: DOUBLE (Line Drive, 9LM, EV 108.8 MPH)
Batting: RHB Ivan Rivera 0-0: Fly out, F6 (Line Drive, 56D, EV 63.8 MPH)
Batting: RHB Shawn Jansen 0-0: Ball
1-0: Called Strike
1-1: Foul Ball, location: 2F
1-2: Ball
2-2: Foul Ball, location: 2F
2-2: DOUBLE (Line Drive, 78XD, EV 110.6 MPH)
Steve Kirby scores
Batting: LHB Pavla Markianov 0-0: Called Strike
0-1: Foul Ball, location: 2F
0-2: Ball
1-2: Ball
2-2: Strikes out swinging
Batting: RHB Juan Debayle 0-0: Called Strike
0-1: Ball
1-1: Ball
2-1: Called Strike
2-2: Fly out, F9 (Line Drive, 9, EV 88.8 MPH)
Bottom of the 2nd over - 1 run, 2 hits, 0 errors, 1 left on base; Pennsylvania State University 2 - University of California 1
TOP OF THE 3RD
Pennsylvania State University Nittany Lions batting - Pitching for University of California Golden Bears : RHP Tim Devine
Batting: RHB Pete Martin 0-0: Fly out, F8 (Flyball, 89S, EV 94.4 MPH)
Batting: RHB Josh Ebeling 0-0: Ball
1-0: Ball
2-0: Ball
3-0: Base on Balls
Batting: RHB Rob Hinojosa 0-0: Ball
1-0: Ball
2-0: Ball
3-0: Base on Balls
Josh Ebeling to second
Batting: RHB Victor Victorino 0-0: Foul Ball, location: 2F
0-1: Ball
1-1: Called Strike
1-2: Ball
2-2: Grounds into double play, 6-4-3 (Groundball, 6, EV 107.5 MPH)
Top of the 3rd over - 0 runs, 0 hits, 0 errors, 1 left on base; Pennsylvania State University 2 - University of California 1
BOTTOM OF THE 3RD
University of California Golden Bears batting - Pitching for Pennsylvania State University Nittany Lions : LHP Jeremy Bravo
Batting: LHB Luis Orellana 0-0: Swinging Strike
0-1: Swinging Strike
0-2: Strikes out swinging
Batting: RHB Ken Hahn 0-0: Ball
1-0: Foul Ball, location: 2F
1-1: Foul Ball, location: 2F
1-2: Ball
2-2: Ball
3-2: Strikes out swinging
Batting: LHB Carlos Gaona 0-0: Called Strike
0-1: Called Strike
0-2: Ball
1-2: Foul Ball, location: 2F
1-2: Foul Ball, location: 2F
1-2: Ground out 6-3 (Groundball, 56, EV 89.4 MPH)
Bottom of the 3rd over - 0 runs, 0 hits, 0 errors, 0 left on base; Pennsylvania State University 2 - University of California 1
TOP OF THE 4TH
Pennsylvania State University Nittany Lions batting - Pitching for University of California Golden Bears : RHP Tim Devine
Batting: RHB Joe Strachan 0-0: Called Strike
0-1: Ground out 5-3 (Groundball, 56, EV 98.1 MPH)
Batting: RHB Francisco Velazquez 0-0: Ball
1-0: Ball
2-0: Ball
3-0: Called Strike
3-1: Called Strike
3-2: Foul Ball, location: 2F
3-2: Foul Ball, location: 2F
3-2: Strikes out swinging
Batting: LHB Dan Lape 0-0: Called Strike
0-1: Called Strike
0-2: Ball
1-2: Strikes out swinging
Top of the 4th over - 0 runs, 0 hits, 0 errors, 0 left on base; Pennsylvania State University 2 - University of California 1
BOTTOM OF THE 4TH
University of California Golden Bears batting - Pitching for Pennsylvania State University Nittany Lions : LHP Jeremy Bravo
Batting: RHB Nate Mahon 0-0: Foul Ball, location: 2F
0-1: Foul Ball, location: 2F
0-2: Strikes out swinging passed ball, reaches first!
Batting: RHB Steve Kirby 0-0: Ball
1-0: Called Strike
1-1: Foul Ball, location: 2F
1-2: Strikes out swinging
Batting: RHB Ivan Rivera 0-0: Ball
1-0: Called Strike
1-1: Foul Ball, location: 2F
1-2: Foul Ball, location: 2F
1-2: Ball
2-2: Ball
3-2: SINGLE (Groundball, 4M, EV 107.5 MPH) (infield hit)
Nate Mahon to second
Batting: RHB Shawn Jansen 0-0: Ball
1-0: Fly out, F2 (Popup, 2LF, EV 83.1 MPH)
Batting: LHB Pavla Markianov 0-0: Ball
1-0: Called Strike
1-1: Called Strike
1-2: Ball
2-2: Strikes out swinging
Bottom of the 4th over - 0 runs, 1 hit, 0 errors, 2 left on base; Pennsylvania State University 2 - University of California 1
TOP OF THE 5TH
Pennsylvania State University Nittany Lions batting - Pitching for University of California Golden Bears : RHP Tim Devine
Batting: RHB James Steinmetz 0-0: Called Strike
0-1: Ball
1-1: Ball
2-1: Ball
3-1: Ground out 5-3 (Groundball, 56S, EV 79.4 MPH)
Batting: RHB Jesse Bandt 0-0: Called Strike
0-1: Foul Ball, location: 2F
0-2: SINGLE (Groundball, 6MD, EV 110.6 MPH)
Batting: RHB Pete Martin 0-0: Swinging Strike
0-1: Foul Ball, location: 2F
0-2: Ball
1-2: Ball
2-2: Ball
3-2: Foul Ball, location: 2F
3-2: Fielders Choice at 2nd, 5-4 (Groundball, 56S, EV 85.6 MPH)
Pitching: RHP Travis Morris
Batting: RHB Josh Ebeling 0-0: Ball
1-0: Called Strike
1-1: Ball
2-1: Foul Ball, location: 2F
2-2: Ball
3-2: Ground out 6-3 (Groundball, 6, EV 78.1 MPH)
Top of the 5th over - 0 runs, 1 hit, 0 errors, 1 left on base; Pennsylvania State University 2 - University of California 1
BOTTOM OF THE 5TH
University of California Golden Bears batting - Pitching for Pennsylvania State University Nittany Lions : LHP Jeremy Bravo
Batting: RHB Juan Debayle 0-0: Ball
1-0: Called Strike
1-1: Ball
2-1: Called Strike
2-2: Foul Ball, location: 2F
2-2: Strikes out swinging
Batting: LHB Luis Orellana 0-0: Foul Ball, location: 2F
0-1: Ball
1-1: Foul Ball, location: 2F
1-2: Strikes out swinging
Batting: RHB Ken Hahn 0-0: Ball
1-0: Called Strike
1-1: Ball
2-1: Ball
3-1: Base on Balls
Pitching: RHP Melvin Nambo
Batting: LHB Carlos Gaona 0-0: Called Strike
0-1: Foul Ball, location: 2F
0-2: Foul Ball, location: 2F
0-2: Foul Ball, location: 2F
0-2: Ball
1-2: Ball
2-2: Fly out, F8 (Flyball, 8LD, EV 100.0 MPH)
Bottom of the 5th over - 0 runs, 0 hits, 0 errors, 1 left on base; Pennsylvania State University 2 - University of California 1
TOP OF THE 6TH
Pennsylvania State University Nittany Lions batting - Pitching for University of California Golden Bears : RHP Travis Morris
Batting: RHB Rob Hinojosa 0-0: Foul Ball, location: 2F
0-1: SINGLE (Flyball, 3D, EV 97.5 MPH)
Batting: RHB Victor Victorino 0-0: Called Strike
0-1: Swinging Strike
0-2: Ball
1-2: Ball
2-2: Strikes out swinging
Batting: RHB Joe Strachan 0-0: Fly out, F7 (Line Drive, 7LS, EV 100.0 MPH)
Batting: RHB Francisco Velazquez 0-0: Ball
1-0: Called Strike
1-1: Foul Ball, location: 2F
1-2: Foul Ball, location: 2F
1-2: SINGLE (Groundball, 56D, EV 106.2 MPH)
Rob Hinojosa to second
Pitching: LHP Chad Torres
Batting: LHB Dan Lape 0-0: Foul Ball, location: 2F
0-1: Ball
1-1: Ball
2-1: Ball
3-1: Base on Balls
Rob Hinojosa to third
Francisco Velazquez to second
Batting: RHB James Steinmetz 0-0: Ball
1-0: Called Strike
1-1: Ball
2-1: Called Strike
2-2: Strikes out swinging
Top of the 6th over - 0 runs, 2 hits, 0 errors, 3 left on base; Pennsylvania State University 2 - University of California 1
BOTTOM OF THE 6TH
University of California Golden Bears batting - Pitching for Pennsylvania State University Nittany Lions : RHP Melvin Nambo
Batting: RHB Nate Mahon 0-0: Ball
1-0: Ball
2-0: Ball
3-0: Base on Balls
Batting: RHB Steve Kirby 0-0: SINGLE (Groundball, P, EV 86.9 MPH) (infield hit)
Nate Mahon to second
Batting: RHB Ivan Rivera 0-0: Ball
1-0: Swinging Strike
1-1: Called Strike
1-2: SINGLE (Groundball, 4MS, EV 69.4 MPH) (infield hit)
Nate Mahon to third
Steve Kirby to second
Batting: RHB Shawn Jansen 0-0: Fly out, F8 (Flyball, 8RM, EV 90.0 MPH)
Batting: LHB Pavla Markianov 0-0: Ball
1-0: Foul Ball, location: 2F
1-1: SINGLE (Groundball, 4D, EV 94.4 MPH)
Nate Mahon scores
Steve Kirby to third
Ivan Rivera to second
Batting: RHB Juan Debayle 0-0: Ball
1-0: Ball
2-0: Called Strike
2-1: Ball
3-1: Base on Balls
Steve Kirby scores
Ivan Rivera to third
Pavla Markianov to second
Batting: LHB Luis Orellana 0-0: Ball
1-0: Ball
2-0: Ball
3-0: Base on Balls
Ivan Rivera scores
Pavla Markianov to third
Juan Debayle to second
Pitching: RHP Alex Almonte
Batting: RHB Ken Hahn 0-0: Called Strike
0-1: SINGLE (Flyball, 8RS, EV 88.1 MPH)
Pavla Markianov scores
Juan Debayle to third
Luis Orellana to second
Runner from 3rd tries for Home, SAFE, throw by CF to home
Pitching: LHP J.P. Wolfgang
Batting: LHB Carlos Gaona 0-0: Ball
1-0: Ball
2-0: Ball
3-0: Fly out, F7 (Flyball, 78M, EV 90.0 MPH)
Pitching: RHP David Cantu
Batting: RHB Nate Mahon 0-0: Ball
1-0: Fly out, F9 (Flyball, 9D, EV 91.9 MPH)
Bottom of the 6th over - 5 runs, 4 hits, 0 errors, 2 left on base; Pennsylvania State University 2 - University of California 6
TOP OF THE 7TH
Pennsylvania State University Nittany Lions batting - Pitching for University of California Golden Bears : LHP Chad Torres
Batting: RHB Jesse Bandt 0-0: Called Strike
0-1: Ball
1-1: Ball
2-1: Ball
3-1: Ground out 5-3 (Groundball, 25, EV 90.0 MPH)
Batting: RHB Pete Martin 0-0: Ball
1-0: Ground out 5-3 (Groundball, 56, EV 91.9 MPH)
Batting: RHB Josh Ebeling 0-0: Ball
1-0: Foul Ball, location: 2F
1-1: Ball
2-1: Ball
3-1: Fly out, F7 (Flyball, 7D, EV 103.8 MPH)
Top of the 7th over - 0 runs, 0 hits, 0 errors, 0 left on base; Pennsylvania State University 2 - University of California 6
BOTTOM OF THE 7TH
University of California Golden Bears batting - Pitching for Pennsylvania State University Nittany Lions : RHP David Cantu
Pitching: RHP Tony Corona
Batting: RHB Steve Kirby 0-0: Ball
1-0: Called Strike
1-1: Foul Ball, location: 2F
1-2: Fly out, F9 (Flyball, 9, EV 79.4 MPH)
Batting: RHB Ivan Rivera 0-0: Ground out 1-3 (Groundball, 15S, EV 72.5 MPH)
Batting: RHB Shawn Jansen 0-0: Ball
1-0: Ball
2-0: Called Strike
2-1: Ball
3-1: Swinging Strike
3-2: SINGLE (Flyball, 5D, EV 98.1 MPH)
Batting: LHB Pavla Markianov 0-0: Called Strike
0-1: Ball
1-1: Ball
2-1: Ball
3-1: Foul Ball, location: 2F
3-2: Strikes out looking
Bottom of the 7th over - 0 runs, 1 hit, 0 errors, 1 left on base; Pennsylvania State University 2 - University of California 6
TOP OF THE 8TH
Pennsylvania State University Nittany Lions batting - Pitching for University of California Golden Bears : LHP Chad Torres
Pitching: LHP Kimmo-Mikka Koistinen
Batting: RHB Rob Hinojosa 0-0: Called Strike
0-1: Fly out, F7 (Line Drive, 7, EV 91.9 MPH)
Batting: RHB Victor Victorino 0-0: Ball
1-0: Ball
2-0: Called Strike
2-1: Swinging Strike
2-2: Ball
3-2: Base on Balls
Batting: RHB Joe Strachan 0-0: SINGLE (Line Drive, 9S, EV 104.4 MPH)
Victor Victorino to second
Batting: RHB Francisco Velazquez 0-0: Called Strike
0-1: Called Strike
0-2: Ball
1-2: Ball
2-2: SINGLE (Groundball, 56, EV 96.2 MPH)
Victor Victorino to third
Joe Strachan to second
Batting: LHB Dan Lape 0-0: Called Strike
0-1: SINGLE (Groundball, 4MD, EV 99.4 MPH)
Victor Victorino scores
Joe Strachan to third
Francisco Velazquez to second
Runner from 3rd tries for Home, SAFE, throw by CF to home
Pitching: LHP Jimmy Bolton
Batting: RHB James Steinmetz 0-0: Called Strike
0-1: Called Strike
0-2: Fly out, F9 (Line Drive, 9, EV 95.0 MPH)
Batting: RHB Jesse Bandt 0-0: Called Strike
0-1: Swinging Strike
0-2: Fly out, F8 (Flyball, 8LM, EV 78.8 MPH)
Top of the 8th over - 2 runs, 3 hits, 0 errors, 2 left on base; Pennsylvania State University 4 - University of California 6
BOTTOM OF THE 8TH
University of California Golden Bears batting - Pitching for Pennsylvania State University Nittany Lions : RHP Tony Corona
Pitching: RHP Hector Guzman
Batting: RHB Juan Debayle 0-0: Ball
1-0: Reached on error, E4 (Groundball, 4, EV 88.1 MPH)
Batting: LHB Luis Orellana 0-0: Ball
1-0: 2-RUN HOME RUN (Flyball, 9LD, EV 91.2 MPH), Distance : 354 ft
Batting: RHB Ken Hahn 0-0: Ball
1-0: Ball
2-0: Called Strike
2-1: Fly out, F3 (Line Drive, 3, EV 70.0 MPH)
Batting: LHB Carlos Gaona 0-0: Ball
1-0: SINGLE (Groundball, 4S, EV 70.6 MPH) (infield hit)
Batting: RHB Nate Mahon 0-0: Called Strike
0-1: Foul Ball, location: 2F
0-2: Foul Ball, location: 2F
0-2: Foul Ball, location: 2F
0-2: Foul Ball, location: 2F
0-2: SINGLE (Groundball, 6D, EV 105.6 MPH)
Carlos Gaona to second
Runner from 2nd tries for 3rd, SAFE, no throw by LF
Batting: RHB Steve Kirby 0-0: Ball
1-0: Swinging Strike
1-1: Swinging Strike
1-2: Ball
2-2: Ball
3-2: Strikes out swinging
Batting: RHB Ivan Rivera 0-0: Swinging Strike
0-1: Foul Ball, location: 2F
0-2: Strikes out swinging
Bottom of the 8th over - 2 runs, 3 hits, 1 error, 2 left on base; Pennsylvania State University 4 - University of California 8
TOP OF THE 9TH
Pennsylvania State University Nittany Lions batting - Pitching for University of California Golden Bears : LHP Jimmy Bolton
Batting: RHB Pete Martin 0-0: Ball
1-0: Called Strike
1-1: Swinging Strike
1-2: Foul Ball, location: 2F
1-2: Ball
2-2: Ground out 6-3 (Groundball, 56, EV 101.2 MPH)
Batting: RHB Josh Ebeling 0-0: Called Strike
0-1: Called Strike
0-2: Ball
1-2: Ground out 6-3 (Groundball, 6, EV 77.5 MPH)
Batting: RHB Rob Hinojosa 0-0: SINGLE (Line Drive, 8LS, EV 108.1 MPH)
Batting: RHB Victor Victorino 0-0: Called Strike
0-1: Hit by Pitch
Rob Hinojosa to second
Pitching: RHP Steve Clothier
Batting: RHB Joe Strachan 0-0: Ball
1-0: Fielders Choice at 2nd, 6-4 (Groundball, 6, EV 81.9 MPH)
Top of the 9th over - 0 runs, 1 hit, 0 errors, 2 left on base; Pennsylvania State University 4 - University of California 8
Thursday, December 15th , 2022 - OOTP Baseball 23.9 Build 102